 Dungeon Crawl Stone Soup version 0.23-a0-612-gcb482e9 (webtiles) character file.

969 Borgoz the Ruffian (level 8, -2/68 HPs)
             Began as a Ghoul Abyssal Knight on Dec 21, 2018.
             Was a Priest of Lugonu.
             Slain by Edmund
             ... wielding a +4 flail of crushing
              (7 damage)
             ... on level 6 of the Dungeon.
             The game lasted 00:09:11 (4002 turns).

Borgoz the Ruffian (Ghoul Abyssal Knight)           Turns: 4002, Time: 00:09:12

Health: -2/68      AC:  3    Str: 20    XL:     8   Next: 16%
Magic:  8/8        EV: 12    Int:  7    God:    Lugonu [***...]
Gold:   300        SH:  0    Dex: 10    Spells: 7/7 levels left

rFire    . . .     SeeInvis +     - Unarmed
rCold    + . .     Gourm    .   (no shield)
rNeg     + + +     Faith    .   a - +0 leather armour
rPois    ∞         Spirit   .   (no helmet)
rElec    .         Reflect  .   (no cloak)
rCorr    .         Harm     .   (no gloves)
MR       .....                  (no boots)
Stlth    +.........             c - amulet of regeneration
HPRegen  0.00/turn              h - ring of see invisible
MPRegen  0.11/turn              k - +4 ring of strength

@: rotting
A: rotting body, claws 1, carnivore, cold resistance 1, negative energy
resistance 3, inhibited regeneration, torment resistance, unbreathing
a: Depart the Abyss, Bend Space, Banish, Renounce Religion


You were on level 6 of the Dungeon.
You worshipped Lugonu.
Lugonu was most pleased with you.
You were not hungry.

You visited 1 branch of the dungeon, and saw 8 of its levels.
You visited the Abyss 1 time.

You collected 300 gold pieces.

Inventory:

Missiles
 s - a throwing net (quivered)
Armour
 a - a +0 leather armour (worn)
 u - a scarf of spirit shield
Jewellery
 c - an amulet of regeneration (around neck)
 h - a ring of see invisible (left claw)
 k - a +4 ring of strength (right claw)
 p - a +4 ring of intelligence {unknown}
 t - an uncursed ring of stealth {unknown}
Scrolls
 e - 2 scrolls of fog
 f - a scroll of teleportation {unknown}
 i - 9 scrolls of remove curse
 j - a scroll of enchant armour {unknown}
 m - 2 scrolls of amnesia
 n - a scroll of random uselessness {unknown}
 o - a scroll of magic mapping {unknown}
Potions
 g - 3 potions of curing
 l - 2 potions of flight
Comestibles
 b - 8 rations
 d - 12 chunks of flesh


   Skills:
 + Level 5.1 Fighting
 + Level 3.6 Armour
 + Level 2.7 Dodging
 - Level 1.8 Stealth
 + Level 7.5 Unarmed Combat
 + Level 2.1 Invocations


You had 7 spell levels left.
You didn't know any spells.
Your spell library contained the following spells:

 Spells                   Type           Power        Failure   Level  Hunger
 Corona                   Hex            #......      47%         1    ##.....
 Ensorcelled Hibernation  Hex/Ice        #.....       63%         2    ###....
 Confuse                  Hex            #.......     85%         3    ####...
 Dazzling Spray           Conj/Hex       #.....       85%         3    ####...
 Tukima's Dance           Hex            #.......     85%         3    ####...


Dungeon Overview and Level Annotations

Branches:
Dungeon (8/15)
 Temple: D:4-7         Lair: D:8-11

Altars:
Ashenzari
Dithmenos
Elyvilon
Fedhas
Gozag
Hepliaklqana
Kikubaaqudgha
Makhleb
Qazlal
Ru
Vehumet
Yredelemnul
Zin

Annotations:
D:6 Edmund


Innate Abilities, Weirdness & Mutations

Your body is rotting away.
You thrive on raw meat.
You are immune to poison.
You have sharp fingernails.
You are carnivorous and can eat meat at any time.
Your flesh is cold resistant. (rC+)
You are immune to negative energy. (rN+++)
You do not regenerate when monsters are visible.
You are immune to unholy pain and torment.
You can survive without breathing.


Message History

The hound skeleton closely misses you.
You scratch Edmund.
Edmund is moderately wounded.
Edmund hits you with a +4 flail of crushing.
* * * LOW HITPOINT WARNING * * *
x2 The hound skeleton bites you.
* * * LOW HITPOINT WARNING * * *
You barely miss Edmund.
Edmund is moderately wounded.
The hound skeleton barely misses you.
Edmund hits you with a +4 flail of crushing.
* * * LOW HITPOINT WARNING * * *
x2 You claw the hound skeleton!
The hound skeleton is moderately damaged.
The hound skeleton closely misses you.
You scratch Edmund.
Edmund is moderately wounded.
The hound skeleton barely misses you.
Edmund hits you with a +4 flail of crushing!
You die...

######### #....... #......
.. #..... .... #....
....######### §§§
........#...###@# ..
##...>.....##@# .###.#.
#..........OZ§# .......
#...........#### .......
#....(....§§...####.......
##.......(....(..#........
##...#......#O...........
##########..............
#..............
....##...........


You could see Edmund, an ogre and a hound skeleton.

Vanquished Creatures
  Sigmund (D:2)
  An ogre (D:4)
  A phantom (D:4)
  A bullfrog (D:7)
  2 howler monkeys (D:4)
  A hound (D:5)
  An orc priest (D:5)
  A bullfrog skeleton (D:4)
  2 orc wizards
  2 worker ants
  2 iguanas
  7 gnolls (D:3)
  10 adders
  An ooze (D:1)
  An adder zombie (D:4)
  An adder skeleton (D:4)
  A dart slug (D:1)
  5 leopard geckos
  10 orcs
  6 bats
  7 giant cockroaches
  2 hobgoblins
  7 jackals
  4 kobolds
  A quokka (D:4)
  3 ball pythons
  4 frilled lizards
  12 goblins
  A quokka skeleton (D:4)
  9 rats
107 creatures vanquished.

Notes
Turn   | Place    | Note
-------+----------+-------------------------------------------
     0 | Abyss:1  | Borgoz the Ghoul Abyssal Knight began the quest for the
                  | Orb.
     0 | Abyss:1  | Reached XP level 1. HP: 19/19 MP: 1/1
    50 | Abyss:1  | Noticed a small abomination
    54 | D:1      | Escaped the Abyss
   167 | D:1      | Reached XP level 2. HP: 20/27 MP: 2/2
   208 | D:1      | Reached * piety under Lugonu
   378 | D:1      | Reached skill level 1 in Dodging
   433 | D:1      | Reached XP level 3. HP: 30/33 MP: 3/3
  1112 | D:2      | Reached skill level 3 in Unarmed Combat
  1144 | D:2      | Reached XP level 4. HP: 31/40 MP: 4/4
  1158 | D:2      | Found a stormy altar of Qazlal.
  1220 | D:2      | Found a glowing silver altar of Zin.
  1277 | D:2      | Reached ** piety under Lugonu
  1497 | D:2      | Noticed Sigmund
  1508 | D:2      | Killed Sigmund
  1508 | D:2      | Reached skill level 4 in Unarmed Combat
  1508 | D:2      | Reached XP level 5. HP: 26/47 MP: 5/5
  1508 | D:2      | Reached XP level 6. HP: 29/53 MP: 6/6
  1727 | D:3      | Reached skill level 5 in Unarmed Combat
  2063 | D:3      | Noticed an orc warrior
  2268 | D:3      | Found a basalt altar of Yredelemnul.
  2268 | D:3      | Found a hazy altar of Hepliaklqana.
  2326 | D:3      | Reached skill level 1 in Stealth
  2421 | D:3      | You fall through a shaft!
  2605 | D:3      | Found a sacrificial altar of Ru.
  2970 | D:4      | Reached skill level 6 in Unarmed Combat
  2970 | D:4      | Reached XP level 7. HP: 33/60 MP: 7/7
  3125 | D:4      | Found a shattered altar of Ashenzari.
  3506 | D:5      | Entered Level 5 of the Dungeon
  3538 | D:5      | Reached skill level 7 in Unarmed Combat
  3576 | D:5      | Reached *** piety under Lugonu
  3594 | D:5      | Reached XP level 8. HP: 29/67 MP: 8/8
  3666 | D:5      | You fall through a shaft for 2 floors!
  3669 | D:7      | Found a shadowy altar of Dithmenos.
  3670 | D:7      | Found an ancient bone altar of Kikubaaqudgha.
  3670 | D:7      | Found an opulent altar of Gozag.
  3671 | D:7      | Found a stormy altar of Qazlal.
  3671 | D:7      | Found a burning altar of Makhleb.
  3672 | D:7      | Found a white marble altar of Elyvilon.
  3673 | D:7      | Found a radiant altar of Vehumet.
  3721 | D:7      | Found a blossoming altar of Fedhas.
  3777 | D:7      | Reached skill level 5 in Fighting
  3986 | D:6      | Noticed Edmund
  4002 | D:6      | Slain by Edmund

Vault maps used:
D:1:      dpeg_arrival_renting
D:2:      overflow_temple_1_default, grunt_qazlal_sundering, uniq_sigmund
D:3:      gammafunk_temple_overflow_pools, nicolae_ru_the_path_less_chosen
D:4:      ashenzari_conservatory_becter, first_ration
D:5:      serial_shops, shop_statue, uniq_eustachio, uniq_crazy_yiuf_cottage
D:6:      temple_fountains, uniq_edmund
D:7:      grunt_temple_overflow_open, fedhas_altar_3, lightli_temple_of_fire
D:8:      gammafunk_ghost_nasty_kobolds, uniq_maurice, uniq_joseph,
          uniq_gastronok, uniq_pikel

Skill      XL: |  1  2  3  4  5  6  7  8 |
---------------+-------------------------+-----
Dodging        | 1 2 |  2.7
Fighting       | 4 5 |  5.1
Armour         | 2 3 |  3.6
Unarmed Combat | 3 4 6 7 |  7.5
Stealth        | 1 |  1.8
Invocations    | |  2.1

Action                   |  1- 3 |  4- 6 |  7- 9 || total
-------------------------+-------+-------+-------++-------
Melee: Unarmed           |   164 |   181 |   122 ||   467
       Punch             |       |     1 |     2 ||     3
Invok: Depart the Abyss  |     1 |       |       ||     1
  Use: Potion            |       |     1 |     2 ||     3
       Scroll            |       |     4 |     2 ||     6
 Stab: Sleeping          |       |     1 |       ||     1
  Eat: Chunk             |     5 |    14 |    19 ||    38
Armor: Leather armour    |    50 |    28 |    18 ||    96
Dodge: Dodged            |   102 |   106 |    61 ||   269

Table legend:
 A = Non-vault XP
 B = Vault XP
 C = Vault XP percentage of total XP
 D = Non-vault monster count
 E = Vault monster count
 F = Vault count percentage of total count
                 A         B        C        D         E       F
            +---------+---------+-------+---------+---------+-------
      Total |    1173 |     212 |  15.3 |     106 |       1 |   0.9
            +---------+---------+-------+---------+---------+-------
        D:1 |      66 |       0 |   0.0 |      33 |       0 |   0.0
        D:2 |      46 |     212 |  82.2 |      15 |       1 |   6.2
        D:3 |     192 |       0 |   0.0 |      26 |       0 |   0.0
        D:4 |     503 |       0 |   0.0 |      17 |       0 |   0.0
        D:5 |     189 |       0 |   0.0 |       9 |       0 |   0.0
        D:7 |     177 |       0 |   0.0 |       6 |       0 |   0.0
            +---------+---------+-------+---------+---------+-------
